Map: Automaton LE

Players

TiPtOP

  • Race: Terran Terran
  • Spawn Location: 9:00

QuickChick - Winner!

  • Race: Terran Terran
  • Spawn Location: 3:00

VOD

Have the link to the VOD?

Description

Time

  • Played on: May 7, 2019, 1 a.m.
  • Length: 25:25
Show
View Real Time Build Order
Export as new Build Order

TiPtOP Terran 

Build Orders:  

Get SALT Encoding   

  12  0:01  SCV  
  13  0:13  SCV  
  14  0:26  Supply Depot  
  14  0:37  SCV  
  15  0:50  Barracks  
  15  1:21  Barracks  
  14  1:44  SCV  
  15  1:58  SCV  
  16  2:01  Refinery  
  16  2:10  Barracks  
  16  2:13  Supply Depot  
  16  2:24  Marine  
  17  2:32  SCV  
  18  2:43  Marine  
  16  3:09  Marine  
  16  3:24  SCV  
  17  3:27  Marine  
  15  3:45  Marine  
  14  4:00  SCV  
  13  4:02  Marine  
  13  4:06  Marine  
  11  4:12  SCV  
  8  4:20  Marine  
  8  4:21  Bunker  
  9  4:24  SCV, Marine  
  11  4:36  SCV  
  11  4:38  Marine  
  12  4:43  Marine  
  14  4:48  SCV  
  15  4:56  Marine  
  16  5:04  Marine  
  17  5:14  Marine  
  17  5:15  Factory  
  18  5:30  Reaper  
  19  5:38  Barracks Reactor  
  19  6:08  SCV  
  20  6:14  Barracks Tech Lab  
  20  6:16  Marine x2  
  21  6:33  SCV, Starport  
  22  6:49  SCV  
  23  6:56  Factory Reactor  
  23  7:02  SCV  
  23  7:03  Marine  
  23  7:04  Marine  
  26  7:14  SCV, Supply Depot  
  27  7:20  Marine  
  27  7:21  Marine x2  
  27  8:15  Marine x3  
  30  8:32  SCV  
  30  8:34  Marauder  
  33  8:37  Command Center  
  33  8:38  Medivac  
  35  8:54  Marine x2  
  35  8:55  Marauder  
  39  9:14  Supply Depot  
  39  9:27  SCV  
  38  9:42  Hellion  
  38  9:45  SCV  
  41  9:50  Supply Depot  
  41  9:54  SCV  
  41  9:58  SCV  
  43  10:01  Medivac  
  43  10:41  Marine x2, Marauder  
  47  10:59  Marine  
  48  11:18  Stimpack  
  48  11:21  Marine x2  
  48  11:22  SCV x2  
  42  11:50  Marine x2  
  42  11:51  Marine  
  45  11:59  Factory Tech Lab  
  45  12:04  SCV x2  
  45  12:05  Starport  
  47  12:08  Marine x2  
  47  12:09  Marauder  
  47  12:13  Refinery  
  51  12:16  SCV  
  51  12:18  Orbital Command  
  52  12:27  Medivac  
  32  13:50  Orbital Command  
  32  14:17  SCV  
  32  14:19  SCV  
  34  14:29  SCV  
  36  15:00  SCV  
  36  15:03  SCV  
  37  15:14  Marine x2  
  38  15:15  SCV  
  38  15:19  Engineering Bay  
  27  15:55  SCV  
  28  16:07  SCV  
  28  16:27  Marine x2  
  28  16:30  SCV  
  31  16:42  SCV  
  31  16:43  SCV  
  24  17:28  SCV  
  25  17:37  Missile Turret  
  25  17:38  Missile Turret  
  25  17:42  Starport Reactor  
  25  17:43  SCV  
  26  17:45  Missile Turret  
  26  17:52  SCV  
  26  17:56  SCV  
  28  18:04  SCV  
  28  18:23  SCV x2  
  30  18:42  Marine x2, Marauder  
  34  19:07  Factory Tech Lab  
  34  19:26  SCV x2  
  34  19:29  Siege Tank  
  39  19:34  Marine x2, Marauder  
  43  19:38  Terran Infantry Weapons Level 1  
  39  20:10  Command Center  
  39  20:11  Viking  
  39  20:15  Viking  
  41  21:26  Missile Turret  
  41  21:33  SCV  
  42  21:45  SCV  
  21  22:18  Marine x2, Marauder  
  21  22:21  SCV  
  26  22:46  SCV  
  26  22:47  SCV x2  
  29  23:13  Missile Turret  
  29  23:19  Missile Turret  
  31  23:20  Marine x2, Marauder  
  31  23:26  SCV  
  34  23:28  SCV  
  34  23:30  SCV  
  34  23:51  Missile Turret  
  34  23:54  Missile Turret  
  34  23:55  SCV x3  
  37  24:05  Marine x2, Marauder  
  41  24:17  SCV  
  41  24:18  SCV  
Show
View Real Time Build Order
Export as new Build Order

QuickChick Terran - Winner!

Build Orders: Reaper Expand 

Get SALT Encoding   

  12  0:02  SCV  
  13  0:14  SCV  
  13  0:19  Supply Depot  
  14  0:27  SCV  
  15  0:40  SCV  
  15  0:41  Barracks  
  16  0:48  Refinery  
  16  0:53  SCV  
  17  1:13  SCV  
  18  1:25  SCV  
  19  1:36  Reaper  
  19  1:38  Orbital Command  
  19  1:53  Command Center  
  19  2:06  SCV  
  20  2:09  Reaper, Supply Depot  
  21  2:18  SCV  
  22  2:26  Refinery  
  22  2:30  SCV  
  22  2:37  Factory  
  23  2:42  SCV  
  24  2:58  SCV  
  24  2:59  Reaper  
  27  3:14  Orbital Command  
  27  3:15  SCV  
  27  3:41  Factory Tech Lab  
  27  3:44  SCV x2  
  29  3:56  SCV  
  29  3:59  Command Center  
  30  4:19  SCV x2  
  30  4:20  Siege Tank  
  35  4:27  Ghost Academy  
  35  4:32  Engineering Bay  
  35  4:34  SCV x2, Barracks Tech Lab  
  37  4:41  Refinery  
  37  4:42  Bunker  
  37  4:44  Refinery  
  37  4:46  SCV x2  
  39  5:01  SCV x2  
  39  5:02  Siege Tank  
  39  5:04  Ghost  
  46  5:13  SCV x2  
  49  5:18  Missile Turret  
  49  5:19  Missile Turret  
  49  5:20  Command Center  
  49  5:21  Missile Turret  
  48  5:23  Command Center  
  48  5:26  Planetary Fortress  
  48  5:36  Ghost  
  50  5:45  SCV x2  
  52  5:51  Siege Tank  
  55  5:57  SCV x2  
  57  6:05  SCV  
  57  6:09  SCV x2  
  60  6:18  Hi-Sec Auto Tracking, SCV  
  61  6:19  Personal Cloaking  
  61  6:23  Starport  
  61  6:31  SCV x3  
  64  6:34  Planetary Fortress  
  64  6:38  Missile Turret  
  64  6:41  Missile Turret  
  64  6:43  SCV  
  64  6:45  Planetary Fortress  
  65  6:47  SCV x2  
  67  6:55  SCV  
  67  6:57  Marine  
  67  6:59  SCV x2  
  71  7:08  SCV  
  72  7:10  Missile Turret  
  72  7:14  Missile Turret, Marine  
  72  7:15  Missile Turret, SCV x2  
  75  7:16  SCV  
  76  7:23  Refinery  
  76  7:24  Refinery  
  76  7:32  Marine  
  76  7:33  Missile Turret  
  76  7:36  Command Center  
  77  7:38  Command Center  
  77  7:40  SCV x2  
  77  7:41  SCV x3  
  82  7:45  Sensor Tower  
  82  7:50  Marine  
  83  7:52  SCV  
  83  7:53  SCV x2  
  86  8:05  SCV x2  
  88  8:06  SCV  
  88  8:07  SCV x2  
  88  8:11  Starport Tech Lab  
  91  8:22  Starport  
  91  8:25  Factory  
  91  8:27  Factory  
  91  8:31  Neosteel Armor  
  91  8:39  Barracks Tech Lab  
  91  8:45  Refinery x2  
  91  8:46  Refinery x2  
  91  8:48  Siege Tank, SCV x5  
  99  8:59  Command Center  
  99  9:00  SCV x5  
  99  9:01  Missile Turret, Starport Tech Lab  
  104  9:04  Missile Turret x2  
  104  9:05  Missile Turret  
  104  9:07  Factory, Command Center  
  104  9:08  Refinery  
  104  9:10  Refinery  
  104  9:12  SCV x5, Factory Tech Lab x2  
  109  9:24  Missile Turret, SCV  
  109  9:29  Missile Turret  
  110  9:37  SCV x2  
  110  9:38  SCV  
  113  9:44  SCV  
  114  9:48  Siege Tank x2  
  114  9:49  Infernal Pre-Igniter  
  114  9:50  Mag-Field Accelerator  
  120  9:56  SCV, Orbital Command  
  120  9:57  Orbital Command  
  121  10:03  Missile Turret  
  121  10:07  Refinery  
  121  10:11  SCV x3  
  121  10:13  Refinery  
  127  10:15  Planetary Fortress  
  127  10:16  Missile Turret  
  127  10:20  Planetary Fortress  
  127  10:23  SCV  
  127  10:24  Missile Turret  
  128  10:34  Nuke  
  128  10:36  Sensor Tower  
  128  11:07  Missile Turret, Command Center  
  128  11:10  Missile Turret, SCV x2  
  128  11:11  SCV  
  131  11:12  Missile Turret  
  131  11:13  Missile Turret  
  131  11:15  Hellion x3  
  132  11:36  Hellion  
  134  11:41  Missile Turret  
  134  11:47  SCV x3  
  137  12:13  SCV  
  137  12:14  SCV x4  
  142  12:16  Missile Turret, Command Center  
  142  12:21  Missile Turret x2  
  142  12:35  Nuke  
  142  12:42  Refinery x2  
  142  13:16  Siege Tank x3  
  148  13:41  Armory x2  
  148  14:06  Planetary Fortress  
  148  14:29  Ghost  
  150  14:41  SCV x3  
  151  14:53  Supply Depot  
  151  14:57  Ghost  
  153  15:15  Starport  
  153  15:18  Starport  
  153  15:19  Starport  
  153  15:26  Ghost  
  151  15:54  Ghost  
  151  15:56  Starport  
  153  15:58  Starport Reactor x3  
  153  16:07  Terran Vehicle And Ship Armor Level 1  
  153  16:11  Terran Vehicle Weapons Level 1  
  153  16:14  Terran Infantry Armor Level 1  
  151  16:23  Ghost  
  153  16:44  Missile Turret  
  153  16:51  Ghost  
  155  17:36  Missile Turret  
  155  17:38  Ghost  
  155  17:40  Missile Turret, Medivac x2  
  161  17:46  Banshee x2  
  161  17:47  Starport Reactor  
  167  17:51  Cloaking Field  
  167  17:52  Hyperflight Rotors  
  167  17:54  Nuke  
  167  18:01  Terran Ship Weapons Level 1  
  167  18:06  Ghost  
  167  18:08  Terran Infantry Weapons Level 1  
  167  18:10  Ghost Academy  
  167  18:12  Ghost Academy  
  169  18:13  Ghost Academy  
  169  18:14  Ghost Academy  
  169  18:29  Banshee x2  
  169  18:33  Sensor Tower  
  175  18:35  Ghost  
  177  19:03  Ghost, Missile Turret  
  177  19:06  Command Center  
  177  19:08  Missile Turret  
  179  19:10  Corvid Reactor  
  179  19:12  Command Center  
  179  19:23  Sensor Tower  
  179  19:32  Ghost  
  179  19:38  Refinery  
  181  19:39  Raven x2  
  181  19:40  Viking x2  
  181  19:41  Viking x4  
  197  19:53  Rapid Reignition System  
  197  20:01  Refinery  
  197  20:22  Raven  
  199  21:27  Missile Turret, Command Center  
  199  21:28  Planetary Fortress  
  199  21:29  Planetary Fortress  
  199  21:31  Missile Turret  
  199  21:32  Missile Turret  
  199  21:33  Missile Turret  
  199  21:36  Missile Turret  
  199  21:38  Refinery  
  199  21:45  Command Center  
  199  21:47  Command Center  
  199  21:50  Missile Turret  
  199  21:53  Missile Turret x2  
  199  21:54  Missile Turret  
  199  21:59  Refinery  
  199  22:01  Refinery  
  199  22:25  Missile Turret  
  199  22:40  Refinery  
  199  22:41  Planetary Fortress  
  199  22:47  Missile Turret  
  199  22:57  Nuke x2  
  199  22:58  Nuke x2  
  199  23:00  Missile Turret, Nuke  
  199  23:02  Terran Vehicle And Ship Armor Level 2  
  199  23:03  Terran Vehicle Weapons Level 2  
  199  23:06  Terran Infantry Weapons Level 2  
  199  23:07  Missile Turret  
  199  23:10  Planetary Fortress  
  199  23:22  Missile Turret  
  199  24:32  Nuke  
Tags
 
Add a new tag
Caveats
  • Supply blocks, unpowered buildings, or Contaminate may cause inaccurate times.
  • Supply counts are checked every 10 seconds.